 Dungeon Crawl Stone Soup version 0.20.1-1-g8b1a95d (webtiles) character file.

181 JeffiDaFish the Shield-Bearer (level 5, -1/33 HPs)
             Began as a Gargoyle Fighter on July 26, 2017.
             Slain by an orc warrior
             ... wielding a +0 short sword
              (5 damage)
             ... on level 2 of the Dungeon.
             The game lasted 00:05:28 (2147 turns).

JeffiDaFish the Shield-Bearer (Gargoyle Fighter)    Turns: 2147, Time: 00:05:29

Health: -1/33      AC: 11    Str: 18 (20) XL:     5   Next: 61%
Magic:  5/5        EV:  7    Int:  8      God:
Gold:   98         SH: 10    Dex:  9 (10) Spells: 4/4 levels left

rFire    . . .     SeeInvis .   a - +1 flail
rCold    . . .     Gourm    .   c - +1 shield
rNeg     + . .     Faith    .   b - +0 scale mail
rPois    ∞         Spirit   .   (no helmet)
rElec    +         Reflect  .   (no cloak)
rCorr    .         Harm     .   (no gloves)
MR       .....                  (no boots)
Stlth    ..........             (no amulet)
Regen    0.2/turn               (no ring)
MPRegen  0.1/turn               (no ring)

@: no status effects
A: negative energy resistance 1, electricity resistance, unbreathing,
petrification resistance, rot immunity, AC +4
a: no special abilities


You were on level 2 of the Dungeon.
You were not hungry.

You visited 1 branch of the dungeon, and saw 3 of its levels.

You collected 98 gold pieces.

Inventory:

Hand Weapons
 a - a +1 flail (weapon)
Armour
 b - a +0 scale mail (worn)
 c - a +1 shield (worn)
Scrolls
 e - a scroll of teleportation
 i - a scroll of blinking
Potions
 d - a potion of heal wounds
Comestibles
 f - 2 bread rations
 g - a chunk of flesh
 h - a royal jelly
 j - a meat ration


   Skills:
 + Level 4.0 Fighting
 + Level 3.7 Maces & Flails
 + Level 3.8 Armour
 + Level 1.0 Dodging
 + Level 4.4 Shields


You had 4 spell levels left.
You didn't know any spells.

Dungeon Overview and Level Annotations

Branches:
Dungeon (3/15)

Altars:
Cheibriados
Gozag
Qazlal
Trog
Vehumet
Yredelemnul
Zin


Innate Abilities, Weirdness & Mutations

You are resistant to torment.
Your stone body is resilient. (AC +4)
You are immune to poison.
You resist negative energy. (rN+)
You are resistant to electric shocks. (rElec)
You can survive without breathing.
You are immune to petrification.
You are immune to rotting.


Message History

Ouch! That really hurt!
You hit the orc warrior.
The orc warrior is lightly wounded.
The orc warrior hits you with a short sword.
* * * LOW HITPOINT WARNING * * *
You block the orc warrior's attack.
You closely miss the orc warrior.
The orc warrior is lightly wounded.
The orc wizard gestures wildly while chanting.
The orc wizard seems to speed up.
The orc warrior hits you with a short sword.
* * * LOW HITPOINT WARNING * * *
There is an escape hatch in the ceiling here.
The orc wizard casts a cantrip, but nothing happens.
You block the orc warrior's attack.
The orc wizard miscasts a cantrip.
A mysterious force pulls you upwards. The hatch slams shut behind you.
Some of the chunks of flesh in your inventory have rotted away.
The orc warrior hits you with a short sword.
You die...

#§§§§#.####.#####...#.# #..# #
§§§§§#....<...........# ##.# #
#.####...........# #.####
#.....(..........# #.....
#..........).(...# #.###.
#................# #.# #.
#................# #.# #.
######................# ##.###.
##...........###@.....# #......
##...........#_#.o....# #......
#..........##.##.....# #..###.
#.........##...##....### #..# #.
#.........#..#..#...[..###..###.
##.........#.###.#...............
.......(...#.###.##...#.###..###.
##...(....##.#_...##.........# #.
###)####.').#...._##.#.#########


You could see an orc warrior.

Vanquished Creatures
  Jessica (D:2)
  3 gnolls (D:2)
  5 adders (D:2)
  2 worms (D:2)
  2 dart slugs (D:1)
  3 leopard geckos
  4 giant cockroaches
  10 goblins
  8 hobgoblins
  3 jackals (D:1)
  2 quokkas (D:2)
  7 bats
  2 frilled lizards (D:2)
  10 kobolds
  6 rats
68 creatures vanquished.

Vanquished Creatures (others)
  A worm (D:2)
1 creature vanquished.

Grand Total: 69 creatures vanquished

Notes
Turn   | Place    | Note
-------+----------+-------------------------------------------
     0 | D:1      | JeffiDaFish the Gargoyle Fighter began the quest for the Orb.
     0 | D:1      | Reached XP level 1. HP: 14/14 MP: 1/1
    80 | D:1      | Reached XP level 2. HP: 16/19 MP: 2/2
   195 | D:1      | Reached XP level 3. HP: 21/23 MP: 3/3
   624 | D:2      | Noticed Jessica
   632 | D:2      | Killed Jessica
   632 | D:2      | Reached XP level 4. HP: 16/29 MP: 4/4
   929 | D:2      | Found a stormy altar of Qazlal.
   990 | D:2      | Found a bloodstained altar of Trog.
  1044 | D:2      | Reached XP level 5. HP: 6/33 MP: 5/5
  1347 | D:2      | Reached skill level 1 in Dodging
  1596 | D:2      | Found an opulent altar of Gozag.
  1596 | D:2      | Found a snail-covered altar of Cheibriados.
  1607 | D:2      | Found a basalt altar of Yredelemnul.
  1609 | D:2      | Found a radiant altar of Vehumet.
  1610 | D:2      | Found a glowing silver altar of Zin.
  2124 | D:3      | Noticed an orc warrior
  2147 | D:2      | Slain by an orc warrior

Skill      XL: |  1  2  3  4  5 |
---------------+----------------+-----
Maces & Flails | 3 |  3.7
Shields        | 4 |  4.4
Dodging        | 1 |  1.0
Fighting       | 4 |  4.0
Armour         | |  3.8

Action                   |  1- 3 |  4- 6 || total
-------------------------+-------+-------++-------
Melee: Flail             |   107 |   160 ||   267
       Whip              |       |    10 ||    10
  Use: Scroll            |     4 |     2 ||     6
       Potion            |     1 |     6 ||     7
  Eat: Chunk             |       |     5 ||     5
Armor: Scale mail        |    63 |    73 ||   136
Dodge: Dodged            |    34 |    47 ||    81
Block: Shield            |    53 |    83 ||   136
